Unix NetHack Version 5.0.0-0 post-release - last build Jun 10 2026 00:39:30 (3ee93aec679c4c4259841fe613dc97188e26a321,branch:main).

Game began 2026-06-14 03:45:04, ended 2026-06-14 04:23:16.

80percenthuman, chaotic female human Wizard

                                                          -----
                                                          ....|
                                                          |u.<|
                                                          |@.*|
                                                          --.--

80percenthuman the Conjurer  St:11 Dx:15 Co:13 In:18 Wi:12 Ch:12  Chaotic
Dlvl:5  $:91 HP:0(27) Pw:12(34) AC:9  Xp:3 T:2011 

Latest messages:
 As you kick the door, it crashes open!
 The coyote bites!
 You miss the coyote.
 The coyote bites!
 The coyote bites!
 The gecko bites!
 In what direction?
 The spell hits it!
 You kill it!
 In what direction?
 The spell hits the coyote!
 You kill the coyote!
 Pick a monster, object or location.
 Pick a monster, object or location.
 Something is written here in the dust.
 You read: "?d  era ium".
 Drink from the sink? [yn] (n)
 You take a sip of cold water.
 Where do you want to travel to?
 (For instructions type a '?')
 Where do you want to travel to?
 (For instructions type a '?')
 Where do you want to travel to?
 (For instructions type a '?')
 Where do you want to travel to?
 (For instructions type a '?')
 Where do you want to travel to?
 (For instructions type a '?')
 You descend the stairs.
 The saddled pony kicks!
 The saddled pony bites!
 The saddled pony kicks!
 The saddled pony bites!
 You see here 13 gold pieces.
 The saddled pony kicks!
 The saddled pony bites!
 $ - 13 gold pieces (91 in total).
 The saddled pony kicks!
 The saddled pony bites!
 In what direction?
 The spell hits the saddled pony!
 The saddled pony kicks!
 The saddled pony bites!
 The saddled pony kicks!
 You die...
 Do you want your possessions identified? [ynq] (y)
 Do you want to see your attributes? [ynq] (y)
 Do you want an account of creatures vanquished? [ynaq] (y)
 Do you want to see your conduct and achievements? [ynq] (y)
 Do you want to see the dungeon overview? [ynq] (y)

Inventory:
 Coins    ('$')
  $ - 91 gold pieces
 Weapons  (')')
  p - 8 +0 darts
  a - a blessed +1 quarterstaff (weapon in hands)
 Armor    ('[')
  t - an uncursed +0 orcish helm
  b - an uncursed +0 cloak of magic resistance (being worn)
 Comestibles  ('%')
  D - 4 uncursed food rations
 Scrolls  ('?')
  F - a cursed scroll of confuse monster
  y - an uncursed scroll of earth
  E - a cursed scroll of enchant armor
  j - an uncursed scroll of enchant weapon
  i - an uncursed scroll of food detection
 Spellbooks  ('+')
  G - an uncursed spellbook of clairvoyance
  H - a cursed spellbook of create monster
  l - a blessed spellbook of force bolt
  I - a cursed spellbook of protection
  m - an uncursed spellbook of slow monster
 Potions  ('!')
  C - a cursed potion of blindness
  g - an uncursed potion of extra healing
  h - an uncursed potion of see invisible
 Rings    ('=')
  d - an uncursed +1 ring of adornment
  e - an uncursed +2 ring of increase damage (on right hand)
 Wands    ('/')
  c - a wand of enlightenment (0:11)
  K - a cursed wand of light (0:11)
  J - a wand of polymorph (0:3)
 Tools    ('(')
  n - a magic marker (0:20)
  w - an uncursed mirror
 Gems/Stones  ('*')
  s - an uncursed worthless piece of blue glass
  z - an uncursed worthless piece of green glass
  L - a cursed worthless piece of green glass
  M - a cursed worthless piece of violet glass
  u - an uncursed worthless piece of white glass
  N - a cursed worthless piece of yellow glass

80percenthuman the Wizard's attributes:

Background:
 You were a Conjurer, a level 3 female human Wizard.
 You were chaotic, nominally on a mission for Anhur
 who was opposed by Ptah (lawful) and Thoth (neutral).
 You were right-handed.
 You were in the Dungeons of Doom, on level 5.
 You entered the dungeon 2011 turns ago.
 It was nighttime.
 There was a new moon in effect when your adventure ended.
 You had 76 experience points, 4 more were needed to attain level 4.

Basics:
 You had 0 out of 27 hit points.
 You had 12 out of 34 energy points (spell power).
 Your armor class was 9.
 Your wallet contained 91 zorkmids.
 Autopickup was off.

Final Characteristics:
 Your strength was 11 (limit:18/100).
 Your dexterity was 15 (limit:18).
 Your constitution was 13 (limit:18).
 Your intelligence was 18 (limit:18).
 Your wisdom was 12 (limit:18).
 Your charisma was 12 (limit:18).

Final Status:
 You weren't hungry.
 You were unencumbered.
 You were wielding a quarterstaff.
 You had basic skill with quarterstaff.

Final Attributes:
 You were devoutly aligned.
 You were magic-protected.
 You were telepathic.
 You had a small damage bonus (+2).
 You were warded.
 You are dead.

Miscellaneous:
 You encountered 1 bones level.
 Total elapsed playing time was 38 minutes and 11 seconds.

Major events:
 Turn
    1: 80percenthuman the chaotic female human Wizard entered the dungeon
 1588: attained the rank of Conjurer (level 3)
 1650: entered the Gnomish Mines
 1842: found Vorpal Blade on the floor
 2011: killed by a pony

Spells:
 Name                 Level Category     Fail Retention
 force bolt             1   attack         0%   81%-90%
 slow monster           2   enchantment    0%   81%-90%

Skills:
 Fighting Skills
   bare handed combat [Unskilled]
   riding             [Unskilled]
 Weapon Skills
   dagger             [Unskilled]
   knife              [Unskilled]
   axe                [Unskilled]
   short sword        [Unskilled]
   club               [Unskilled]
   mace               [Unskilled]
   quarterstaff       [Basic]
   polearms           [Unskilled]
   spear              [Unskilled]
   trident            [Unskilled]
   sling              [Unskilled]
   dart               [Unskilled]
   shuriken           [Unskilled]
 Spellcasting Skills
   attack spells      [Basic]
   healing spells     [Unskilled]
   divination spells  [Unskilled]
   enchantment spells [Basic]
   clerical spells    [Unskilled]
   escape spells      [Unskilled]
   matter spells      [Unskilled]

Voluntary challenges:
 Character rerolling was not enabled.
 You were an atheist.
 You never genocided any monsters.
 You never polymorphed an object.
 You never changed form.
 You used no wishes.
Achievements:
 You attained the rank of Conjurer.
 You entered the Gnomish Mines.

 The Dungeons of Doom: levels 1 to 5
    Level 1:
       A fountain.
    Level 2:
       An altar to Anhur, many fountains.
    Level 3:
       Stairs down to The Gnomish Mines.
    Level 4:
       A sink, a grave.
       Final resting place for
          Felix1-Bar-Hum-Mal-Neu, killed by a cave spider, while frozen by a floating eye's gaze.
    Level 5: <- You were here.
       Final resting place for
          you, killed by a pony.
 The Gnomish Mines:
    Level 4:


Vanquished creatures:
  a floating eye
 an iguana
  3 acid blobs
  a coyote
  4 giant rats
  a cave spider
  a yellow mold
  2 geckos
  6 jackals
  a fox
  2 goblins
  a sewer rat
  6 grid bugs
  3 lichens
  4 newts
37 creatures vanquished.

No species were genocided or became extinct.

Game over:
                       ----------
                      /          \
                     /    REST    \
                    /      IN      \
                   /     PEACE      \
                  /                  \
                  |  80percenthuman  |
                  |      91 Au       |
                  | killed by a pony |
                  |                  |
                  |                  |
                  |                  |
                  |       2026       |
                 *|     *  *  *      | *
        _________)/\\_//(\/(/\)/\//\/|_)_______

Goodbye 80percenthuman the Wizard...

You died in The Dungeons of Doom on dungeon level 5 with 596 points,
and 91 pieces of gold, after 2011 moves.
You were level 3 with a maximum of 27 hit points when you died.

